 Dungeon Crawl Stone Soup version 0.20-a0-214-gb74cb0e (webtiles) character file.

256 Karnivor the Digger (level 6, 32/32 HPs)
             Began as a Gargoyle Earth Elementalist on Nov 27, 2016.
             Quit the game on level 3 of the Dungeon.
             The game lasted 00:08:04 (3660 turns).

Karnivor the Digger (Gargoyle Earth Elementalist)   Turns: 3660, Time: 00:08:05

Health: 32/32      AC:  7    Str: 12    XL:     6   Next: 15%
Magic:  11/11      EV: 12    Int: 17    God:
Gold:   91         SH:  0    Dex: 10    Spells: 3/12 levels left

rFire  . . .     SeeInvis .     k - +0 flail
rCold  . . .     Gourm    .     c - +0 robe
rNeg   + . .     Faith    .     (no shield)
rPois  ∞         Spirit   .     (no helmet)
rElec  +         Reflect  .     (no cloak)
rCorr  .         Harm     .     f - +0 pair of gloves
MR     .....                    (no boots)
Stlth  ++........               (no amulet)
                                (no ring)
                                (no ring)

@: no status effects
A: negative energy resistance 1, electricity resistance, unbreathing,
petrification resistance, rot immunity, AC +4
a: no special abilities


You were on level 3 of the Dungeon.
You were not hungry.

You visited 1 branch of the dungeon, and saw 3 of its levels.

You collected 91 gold pieces.

Inventory:

Hand Weapons
 k - a +0 flail (weapon)
Missiles
 b - 170 stones (quivered)
Armour
 c - a +0 robe (worn)
 f - a +0 pair of gloves (worn)
 j - a +0 buckler
Scrolls
 l - a scroll of magic mapping {unknown}
 m - a scroll of random uselessness {unknown}
 o - a scroll of blinking {unknown}
 q - a scroll of fear {unknown}
 r - a scroll of immolation
Potions
 g - a potion of magic
 h - 2 potions of curing {unknown}
 i - a potion of lignification {unknown}
 n - 2 potions of heal wounds
 p - a potion of ambrosia {unknown}
Books
 e - a book of Geomancy

   Spells                             Type                      Level
   a - Sandblast                      Earth                        1
   b - Passwall                       Transmutation/Earth          2
   c - Stone Arrow                    Conjuration/Earth            3
   d - Petrify                        Transmutation/Earth          4
   e - Lee's Rapid Deconstruction     Earth                        5
Comestibles
 a - 2 chunks of flesh
 d - 5 bread rations
 s - 2 meat rations


   Skills:
 - Level 1.5 Dodging
 - Level 2.1 Stealth
 + Level 3.5 Spellcasting
 + Level 3.2 Conjurations
   Level 0.7 Transmutations
 + Level 5.7 Earth Magic


You had 3 spell levels left.
You knew the following spells:

 Your Spells              Type           Power        Failure   Level  Hunger
a - Sandblast             Erth           ###...       1%          1    None
b - Stone Arrow           Conj/Erth      ###...       10%         3    ###....
c - Lee's Rapid Deconstr  Erth           ###.......   45%         5    ######.


Dungeon Overview and Level Annotations

Branches:
Dungeon (3/15)

Altars:
Dithmenos


Innate Abilities, Weirdness & Mutations

You are resistant to torment.
Your stone body is resilient. (AC +4)
You are immune to poison.
You resist negative energy. (rN+)
You are resistant to electric shocks. (rElec)
You can survive without breathing.
You are immune to petrification.
You are immune to rotting.


Message History

You can't see any susceptible monsters within range! (Use Z to cast anyway.) Unknown command.
Casting: Sandblast
Confirm with . or Enter, or press ? or * to list all spells.
You can't see any susceptible monsters within range! (Use Z to cast anyway.) Unknown command.
You see here an adder corpse.
You butcher the adder corpse.
a - 2 chunks of flesh (gained 1)
Found a meat ration.
s - a meat ration You start resting.
Magic restored.
You start resting.
HP restored.
s - 2 meat rations (gained 1) Done exploring.
Done exploring.
Done exploring.
Are you sure you want to abandon this character and quit the game? (Confirm with "yes".)

........##....######### #####....
........##....###8###⌠###8###....
........##....##...........##....
..............#8.........[.8#....
........##....##...........##....
##########....##...##⌠##...##....
# #######.#####...#####...##....
# #........# #8...8# #8...8#....
# #........# ##@..## ##...##....
# #........# #...# #...###### #
#######.## #.#######..#### # #.#
#.............# #.#
####..........# #.# #......>...#
#.# #..........# #.# #..........#
#.# #######.####


There were no monsters in sight!

Vanquished Creatures
  A phantom (D:3)
  Jessica (D:3)
  Ijyb (D:2)
  5 adders
  2 oozes
  2 worms
  A dart slug (D:1)
  4 leopard geckos
  An orc (D:3)
  A ball python (D:1)
  4 bats
  3 giant cockroaches
  A hobgoblin (D:3)
  5 frilled lizards
  4 goblins
  13 kobolds
  8 rats
57 creatures vanquished.

Vanquished Creatures (others)
  A plant (D:1)
1 creature vanquished.

Grand Total: 58 creatures vanquished

Notes
Turn   | Place    | Note
-------+----------+-------------------------------------------
     0 | D:1      | Karnivor the Gargoyle Earth Elementalist began the quest for the Orb.
     0 | D:1      | Reached XP level 1. HP: 10/10 MP: 3/3
   122 | D:1      | Reached XP level 2. HP: 8/15 MP: 0/5
   381 | D:1      | Reached skill level 4 in Earth Magic
   604 | D:1      | Reached XP level 3. HP: 14/19 MP: 6/6
   777 | D:1      | Learned a level 3 spell: Stone Arrow
  1468 | D:2      | Reached skill level 1 in Conjurations
  1559 | D:2      | Noticed Ijyb
  1568 | D:2      | Killed Ijyb
  1568 | D:2      | Reached XP level 4. HP: 24/24 MP: 2/8
  2213 | D:2      | Found a shadowy altar of Dithmenos.
  2719 | D:3      | Reached skill level 5 in Earth Magic
  2877 | D:3      | Reached XP level 5. HP: 17/28 MP: 4/9
  3356 | D:3      | Noticed a phantom
  3368 | D:3      | Killed a phantom
  3550 | D:3      | Noticed Jessica
  3556 | D:3      | Killed Jessica
  3556 | D:3      | Reached XP level 6. HP: 32/32 MP: 9/11
  3563 | D:3      | Learned a level 5 spell: Lee's Rapid Deconstruction
  3660 | D:3      | Quit the game

Vault maps used:
D:1:      saegor_arrival_simple_b, st_stairs_1, minmay_misc_feat_enclosed,
          lexackson_kobold_supper
D:2:      minmay_door_path, grunt_dithmenos_smoke, uniq_iyjb
D:3:      first_bread, serial_corexii_hall, corexii_hall_statues_t,
          corexii_hall_statues_u, uniq_jessica

Skill      XL: |  1  2  3  4  5 |
---------------+----------------+-----
Earth Magic    | 4 5 |  5.7
Conjurations   | 1 2 3 |  3.2
Spellcasting   | 3 |  3.5
Dodging        | |  1.5
Stealth        | |  2.1
Transmutations | |  0.7

Action                   |  1- 3 |  4- 6 || total
-------------------------+-------+-------++-------
Melee: Whip              |    75 |       ||    75
       Flail             |       |    94 ||    94
 Cast: Sandblast         |     9 |    29 ||    38
  Use: Scroll            |     1 |     2 ||     3
 Stab: Sleeping          |     5 |     2 ||     7
       Distracted        |       |     1 ||     1
  Eat: Chunk             |     2 |     7 ||     9
Armor: Robe              |    28 |    47 ||    75
Dodge: Dodged            |    60 |    80 ||   140
